AoeStats
← paulgabduggan

MegaRandom

504344977Analyzed
1v1 RM · 26d ago on Sep 4, 2026· 34m 28s· 2 players
Game mode
Random Map
Map size
Tiny (2 player)
Population
200
Speed
Normal
Resources
Standard
Victory
Conquest
Starting age
Dark Age
Ending age
Imperial Age
RankedLock teamsTeams togetherTeam positionsShared explorationLock speedFull tech treeHidden civsTurbo modeCheats
Victory
Defeat
🇺🇸 Mongols · United States
1557
+18
🇨🇱 Malay · Chile
1591
-18
paulgabduggan
6:56 Loom
9:15 Feudal Age
10:58 Double-Bit Axe
16:49 Fletching
23:34 Castle Age
22:54 Bloodlines
24:11 Bodkin Arrow
26:57 Bow Saw
31:05 Scale Barding Armor
31:47 Wheelbarrow
32:58 Chain Barding Armor
Alan_99
3:41 Loom
10:39 Feudal Age
11:59 Man-at-Arms
18:31 Fletching
18:59 Double-Bit Axe
26:10 Castle Age
25:44 Scale Barding Armor
25:31 Gold Mining
25:57 Bow Saw
Connection lost

Rejoining the realm…

Still unreachable

The connection could not be restored.

Session expired

The server has moved on; the page needs a fresh start.